 Dungeon Crawl Stone Soup version 0.24-a0-309-g1095bca (webtiles) character file.

Game seed: 714674619634991697

1215 Ijustatesigmund the Cudgeler (level 8, -8/57 HPs)
             Began as an Octopode Fighter on May 14, 2019.
             Mangled by an ogre
             ... wielding a +0 giant club
              (12 damage)
             ... on level 4 of the Dungeon.
             The game lasted 00:10:44 (5198 turns).

Ijustatesigmund the Cudgeler (Octopode Fighter)     Turns: 5198, Time: 00:10:44

Health: -8/57      AC:  1    Str: 15    XL:     8   Next: 46%
Magic:  8/8        EV: 13    Int: 11    God:
Gold:   512        SH: 10    Dex: 13    Spells: 7/7 levels left

rFire    . . .     SeeInvis .   a - +1 flail
rCold    + . .     Gourm    .   b - +1 shield
rNeg     . . .     Faith    .   (helmet restricted)
rPois    .         Spirit   .   (no amulet)
rElec    .         Reflect  .   l - ring of wizardry
rCorr    .         Harm     .   g - ring of stealth
MR       .....                  o - ring of stealth
Stlth    ++++++....             r - ring of protection from cold
HPRegen  0.19/turn              (no ring)
MPRegen  0.11/turn              (no ring)
                                (no ring)
                                (no ring)

@: no status effects
A: almost no armour, stealthy swim, amphibious, 8 rings, constrict 8, antennae
1, camouflage 1, sense surroundings 1, gelatinous body 1
a: no special abilities


You were on level 4 of the Dungeon.
You were not hungry.

You visited 1 branch of the dungeon, and saw 5 of its levels.
You also visited: Sewer and Ossuary.

You collected 512 gold pieces.

Inventory:

Hand Weapons
 a - a +1 flail (weapon)
Armour
 b - a +1 shield (worn)
Jewellery
 g - a ring of stealth (right tentacle)
 l - a ring of wizardry (left tentacle)
 o - a ring of stealth (on tentacle)
 r - a ring of protection from cold (on tentacle)
Scrolls
 c - 3 scrolls of blinking
 n - 3 scrolls of remove curse
 s - a scroll of teleportation
 u - a scroll of amnesia
Potions
 e - 5 potions of heal wounds
 f - 5 potions of curing
 h - a potion of mutation
 i - 4 potions of brilliance {unknown}
 j - 3 potions of cancellation {unknown}
 k - 4 potions of berserk rage {unknown}
 m - a potion of resistance {unknown}
 p - a potion of lignification {unknown}
 q - a potion of magic {unknown}
 t - 4 potions of might
 v - 3 potions of degeneration {unknown}
 w - 3 potions of flight {unknown}
 x - 2 potions of haste {unknown}
 z - a potion of agility {unknown}
Comestibles
 d - 7 rations


   Skills:
 + Level 6.2 Fighting
 + Level 6.5 Maces & Flails
 + Level 4.1 Dodging
 - Level 4.4 Stealth
 + Level 4.1 Shields


You had 7 spell levels left.
You didn't know any spells.
Your spell library was empty.

Dungeon Overview and Level Annotations

Branches:
Dungeon (5/15)
 Temple: D:4-7

Altars:
Nemelex Xobeh
Okawaru
Yredelemnul


Innate Abilities, Weirdness & Mutations

You cannot wear most types of armour.
You are very stealthy in the water. (Stealth+)
You are amphibious.
You can wear up to eight rings at the same time.
You can use your tentacles to constrict eight enemies at once.
Your skin changes colour to match your surroundings (Stealth+).
Your rubbery body absorbs attacks. (AC +1, EV +1)
You have a pair of small antennae on your head.
You passively map a small area around you.


Message History

The crimson imp grinds its teeth.
Your shield prevents you from hitting the ogre.
You squeeze the ogre!
The ogre is heavily wounded.
The ogre hits you with a +0 giant club!
The crimson imp blinks!
The sentinel's mark upon you fades away.
There is a stone staircase leading up here.
The ogre hits you with a +0 giant club!
You climb upwards.
There is a stone staircase leading down here.
You are too injured to fight recklessly!
You are too injured to fight recklessly!
You hit the ogre.
The ogre is severely wounded.
The ogre hits you with a +0 giant club!!
* * * LOW HITPOINT WARNING * * *
You hit the ogre.
The ogre is almost dead.
The ogre hits you with a +0 giant club!
You die...

##.###.####≈#.#####
#.# #.####≈#######
#.# #....#.# #☼.○
####.########≈####○§§
#...........###.##§§°
#.##.########...##§°§
#...............##§○§
#......##.###...#####
#...@.....(.....#≈...
##..O...#.###...#####
#......#.# #...####○
#........# #...###☼°
#.....########.##§☼§
#.....##[......###○☼
#.....##.......####☼
###.####.......#####
#.# #.......#####


You could see an ogre.

Vanquished Creatures
  Grinder (D:3)
  A water moccasin (D:5)
  An ogre (D:4)
  A centaur (D:5)
  A bullfrog (Sewer)
  A scorpion (D:5)
  3 crimson imps
  A bullfrog skeleton (D:4)
  Natasha (thrice) (D:4)
  An orc wizard (D:3)
  A big kobold zombie (Ossuary)
  2 hound skeletons (D:4)
  8 mummies (Ossuary)
  10 adders
  7 oozes
  2 worms (D:2)
  A dart slug (D:3)
  17 leopard geckos
  6 orcs
  7 bats
  6 giant cockroaches
  2 gnoll zombies (Ossuary)
  8 goblins
  9 hobgoblins
  13 jackals
  2 quokkas
  9 ball pythons
  16 frilled lizards
  A hobgoblin zombie (Ossuary)
  5 kobolds
  2 kobold zombies (Ossuary)
  2 orc zombies (Ossuary)
  6 rats
156 creatures vanquished.

Notes
Turn   | Place    | Note
-------+----------+-------------------------------------------
     0 | D:1      | Ijustatesigmund the Octopode Fighter began the quest for
                  | the Orb.
     0 | D:1      | Reached XP level 1. HP: 16/16 MP: 1/1
    89 | D:1      | Reached XP level 2. HP: 17/21 MP: 2/2
   658 | D:1      | Reached XP level 3. HP: 25/26 MP: 3/3
  1025 | D:2      | Reached XP level 4. HP: 19/33 MP: 4/4
  1680 | D:2      | Reached XP level 5. HP: 37/37 MP: 5/5
  2006 | D:3      | Found an iron altar of Okawaru.
  2528 | D:3      | Noticed Grinder
  2542 | D:3      | Killed Grinder
  2542 | D:3      | Reached skill level 5 in Maces & Flails
  2542 | D:3      | Reached XP level 6. HP: 17/45 MP: 6/6
  3086 | D:4      | Found a sparkling altar of Nemelex Xobeh.
  3115 | D:4      | Found a basalt altar of Yredelemnul.
  3118 | D:4      | Reached skill level 5 in Fighting
  3118 | D:4      | Reached XP level 7. HP: 50/50 MP: 7/7
  3152 | D:4      | Noticed Natasha
  3157 | D:4      | Killed Natasha
  3216 | D:4      | Found a glowing drain.
  3228 | Sewer    | Entered a sewer
  3977 | D:4      | Noticed Natasha
  3990 | D:4      | Killed Natasha
  4457 | D:4      | Noticed Natasha
  4461 | D:4      | Killed Natasha
  4500 | D:5      | Entered Level 5 of the Dungeon
  4529 | D:5      | Reached XP level 8. HP: 48/57 MP: 8/8
  4732 | D:5      | Found a sand-covered staircase.
  4736 | Ossuary  | Entered an ossuary
  5004 | Ossuary  | Gained mutation: You passively map a small area around you.
                  | [potion of mutation]
  5004 | Ossuary  | Gained mutation: You have a pair of small antennae on your
                  | head. [potion of mutation]
  5198 | D:4      | Mangled by an ogre

Levels and vault maps discovered:
D:1:      dpeg_arrival_round_a, layout_rooms, chequers_serial_rivers_micro_a
D:2:      layout_basic, first_ration
D:3:      layout_basic, old_standard_altar, uniq_grinder
D:4:      layout_basic, nemelex_altar_shiori, lemuel_crystal_altar,
          portal_sewer_entry_d, uniq_natasha
D:5:      layout_cave_pools, nicolae_ossuary_entry_plus, minmay_lizard_king

Skill      XL: |  1  2  3  4  5  6  7  8 |
---------------+-------------------------+-----
Maces & Flails | 3 4 5 6 |  6.5
Fighting       | 4 5 6 |  6.2
Stealth        | 2 3 4 |  4.4
Shields        | 4 |  4.1
Dodging        | 4 |  4.1

Action                   |  1- 3 |  4- 6 |  7- 9 || total
-------------------------+-------+-------+-------++-------
Melee: Flail             |    57 |   110 |   160 ||   327
       Tentacles         |     8 |    25 |    31 ||    64
       Constrict         |    15 |    32 |    42 ||    89
  Use: Scroll            |     5 |     6 |     3 ||    14
       Potion            |       |     2 |     1 ||     3
 Stab: Sleeping          |     4 |    12 |    20 ||    36
       Distracted        |       |     1 |       ||     1
  Eat: Chunk             |       |     5 |       ||     5
       Ration            |       |     1 |     2 ||     3
Armor: Skin              |     9 |     6 |     8 ||    23
Dodge: Dodged            |    45 |    39 |    78 ||   162
Block: Shield            |    17 |    40 |    71 ||   128

Table legend:
 A = Non-vault XP
 B = Vault XP
 C = Vault XP percentage of total XP
 D = Non-vault monster count
 E = Vault monster count
 F = Vault count percentage of total count
                 A         B        C        D         E       F
            +---------+---------+-------+---------+---------+-------
      Total |    1003 |     733 |  42.2 |      90 |      66 |  42.3
            +---------+---------+-------+---------+---------+-------
        D:1 |      37 |       0 |   0.0 |      23 |       0 |   0.0
        D:2 |     154 |       0 |   0.0 |      31 |       0 |   0.0
        D:3 |      80 |     267 |  76.9 |      20 |       1 |   4.8
        D:4 |     339 |      49 |  12.6 |      11 |       2 |  15.4
        D:5 |     393 |      17 |   4.1 |       5 |       7 |  58.3
      Sewer |       0 |     220 | 100.0 |       0 |      40 | 100.0
    Ossuary |       0 |     180 | 100.0 |       0 |      16 | 100.0
            +---------+---------+-------+---------+---------+-------
